 Dungeon Crawl Stone Soup version 0.26.0-16-gc1dbca0489 (webtiles) character file.

Game seed: 2802637102640479176

214 HilariousDeathArtist the Grasshopper (level 5, -4/42 HPs)
             Began as a Barachi Warper on Jan 19, 2021.
             Was a Follower of Ashenzari.
             Slain by Menkaure (16 damage)
             ... on level 4 of the Dungeon.
             The game lasted 00:06:36 (5004 turns).

HilariousDeathArtist the Grasshopper (BaWr)         Turns: 5004, Time: 00:06:36

Health: -4/42      AC:  5    Str: 12    XL:     5   Next: 91%
Magic:  8/8        EV: 11    Int: 15    God:    Ashenzari [*.....]
Gold:   172        SH:  0    Dex: 11    Spells: 0/8 levels left

rFire    . . .     SeeInvis .   a - +0 short sword (elec) (curse)
rCold    . . .     Faith    .   (no shield)
rNeg     . . .     Spirit   .   j - +0 ring mail (curse)
rPois    .         Reflect  .   (no helmet)
rElec    .         Harm     .   (no cloak)
rCorr    .         Rampage  .   (no gloves)
Will     .....                  (no boots)
Stlth    +.........             (no amulet)
HPRegen  0.14/turn              (no ring)
MPRegen  0.11/turn              (no ring)

@: slow
A: +LOS, swims, slowness 1, strong legs 1
a: Hop, Renounce Religion, Curse Item, Scrying


You were on level 4 of the Dungeon.
You worshipped Ashenzari.
Ashenzari was aware of your devotion.
You visited 1 branch of the dungeon, and saw 5 of its levels.

You collected 172 gold pieces.

Inventory:

Hand Weapons
 a - a cursed +0 short sword of electrocution (weapon)
   (You took it off a kobold on level 3 of the Dungeon)
Missiles
 e - 5 boomerangs of dispersal {=f}
 g - 32 poisoned darts
Armour
 i - the +1 leather armour of the Lion {-Cast rCorr Dex+3 Slay+2}
   (You found it on level 4 of the Dungeon)

   It affects your dexterity (+3).
   It affects your accuracy and damage with ranged weapons and melee attacks
   (+2).
   It prevents spellcasting.
   It provides partial protection from all sources of acid and corrosion.
 j - a cursed +0 ring mail (worn)
   (You found it on level 2 of the Dungeon)
Jewellery
 f - an uncursed ring of ice {rC+, rF-}
   (You found it on level 1 of the Dungeon)
Wands
 b - a wand of enslavement (7)
   (You took it off Ijyb on level 3 of the Dungeon)
Scrolls
 d - 3 scrolls of blinking {!r}
 h - a scroll of remove curse
 m - a scroll of magic mapping {!r}
Potions
 c - 2 potions of curing
 k - a potion of berserk rage {!q}
 l - a potion of lignification {!q}


   Skills:
 - Level 3.8 Fighting
 * Level 2.8(3.4) Short Blades
 - Level 3.0(3.7) Long Blades
 - Level 1.0 Throwing
 - Level 1.2 Armour
 - Level 3.4 Dodging
 - Level 2.1 Spellcasting
 + Level 0.3 Conjurations
 - Level 4.4 Translocations
 + Level 0.1 Air Magic
 + Level 0.1 Poison Magic


You couldn't memorise any spells.
You knew the following spells:

 Your Spells              Type           Power        Failure   Level
a - Gell's Gravitas       Tloc           7%           24%         3
b - Blink                 Tloc           N/A          12%         2
x - Mephitic Cloud        Conj/Pois/Air  2%           80%         3

Your spell library contained the following spells:

 Spells                   Type           Power        Failure   Level
 Lesser Beckoning         Tloc           7%           24%         3
 Teleport Other           Tloc           14%          24%         3
 Magic Dart               Conj           8%           41%         1
 Call Imp                 Summ           1%           58%         2
 Slow                     Hex            1%           58%         2
 Passage of Golubria      Tloc           N/A          63%         4
 Conjure Flame            Conj/Fire      2%           80%         3
 Confusing Touch          Hex            1%           83%         3
 Petrify                  Tmut/Erth      1%           99%         4
 Metabolic Englaciation   Hex/Ice        0%           100%        5
 Yara's Violent Unravell  Hex/Tmut       0%           100%        5


Dungeon Overview and Level Annotations

Branches:
Dungeon (5/15)
 Temple: D:4-7

Altars:
Ashenzari
Sif Muna
Zin

Shops:
D:3 *

Annotations:
D:4 1 transporter, Menkaure; ardl's ghost, amateur VSAM


Innate Abilities, Weirdness & Mutations

You can be seen from farther away. (+LOS)
You can swim through water.
You cover ground slowly.
You can hop short distances.


Message History

You now have 172 gold pieces (gained 9).
There is a stone staircase leading down here.
You open the door.
Menkaure, Prince of Dust comes into view.
Menkaure shouts!
There is an open door here.
Okay, then.
Okay, then.
As you close the door, it creaks loudly!
Something unseen opens the door.
You barely miss Menkaure. Menkaure hits you!
You take 13 damage, and have 29/42 hp.
MASSIVE DAMAGE!!
You hit Menkaure but do no damage. You hit Menkaure but do no damage.
Menkaure casts a spell.
Menkaure seems to speed up.
You hit Menkaure but do no damage. Lightning courses through Menkaure!
Menkaure casts a spell at you.
You barely resist.
Unknown command.
You closely miss Menkaure. Menkaure hits you but does no damage.
You hit Menkaure but do no damage.
Menkaure calls on the powers of darkness!
Your body is wracked with pain!
You take 14 damage, and have 16/42 hp.
MASSIVE DAMAGE!!
Hop to where?
Boing!
Menkaure gestures at you while chanting.
You barely resist.
Okay, then.
You blink.
You now have 6/8 mp.
You blink.
You now have 4/8 mp.
You blink.
You now have 2/8 mp.
Really read
d - 4 scrolls of blinking {!r}?
Blink to where?
As you read the scroll of blinking {!r}, it crumbles to dust.
Menkaure forgets how to speak, silenced by the ages.
Menkaure calls on the powers of darkness!
Your body is wracked with pain!
* * * LOW HITPOINT WARNING * * *
You take 7 damage, and have 10/42 hp.
There is a stone staircase leading down here.
You climb downwards.
An ufetubus comes into view.
The ufetubus shouts!
There is a stone staircase leading up here.
Unknown command.
Okay, then.
Okay, then.
You hit the ufetubus. The ufetubus closely misses you.
The ufetubus completely misses you.
The ufetubus hits you but does no damage.
The ufetubus hits you.
* * * LOW HITPOINT WARNING * * *
You take 1 damage, and have 10/42 hp.
You hit the ufetubus but do no damage. The ufetubus barely misses you.
The ufetubus hits you.
* * * LOW HITPOINT WARNING * * *
You take 3 damage, and have 7/42 hp.
You barely miss the ufetubus.
The ufetubus hits you but does no damage.
The ufetubus closely misses you.
An ufetubus is nearby!
You hit the ufetubus.
You kill the ufetubus!
You start resting.
You are ready to hop once more.
You start resting.
Health restored: 42; MP restored: 8 You climb upwards.
Level annotation: 1 transporter, Menkaure; ardl's ghost, amateur VSAM Menkaure hums, "It doesn't hurt if you pull your brain out of your nose yourself."
Menkaure points at you and mumbles some strange words.
Pain shoots through your body!
There is a stone staircase leading down here.
You take 10 damage, and have 32/42 hp.
MASSIVE DAMAGE!!
Okay, then.
Okay, then.
You hit Menkaure. Menkaure closely misses you.
You barely miss Menkaure. You hit Menkaure. Menkaure breathes soot at you.
Menkaure hits you.
You take 6 damage, and have 26/42 hp.
You hit Menkaure. Menkaure hits you!
* * * LOW HITPOINT WARNING * * *
You take 14 damage, and have 12/42 hp.
MASSIVE DAMAGE!!
You barely miss Menkaure.
Menkaure mumbles, "It doesn't hurt if you pull your brain out of your nose yourself."
Menkaure completely misses you.
You hit Menkaure. You barely miss Menkaure. Menkaure hits you!
You die...

### #.....# #.. ##.....##. #..
......... ....
#.######.....##. ♣♣...♣
#.##..##.....##. ♣♣.....♣♣
#.............#. ♣♣.......♣♣
##.##..........#.
#♣...≈≈≈...♣##>.##..........#.
#...≈≈≈≈≈..#.@).##..##.....##.
#...≈≈♣≈≈..#.M..##..##....>##.
#...≈≈≈≈≈..#....#...#.).......
#....≈≈≈...'..................
#........####..###©####.....<
#......M## ..##©### #####..
##.$.§### #.## . .W5#.. ######
#. .# #...##. #. . ......#.


You could see Menkaure.

Vanquished Creatures
  A hound (D:2)
  Ijyb (D:3)
  An iguana (D:3)
  4 adders
  An ufetubus (D:5)
  An ooze (D:1)
  2 worms (D:2)
  3 dart slugs
  4 leopard geckos
  An orc (D:3)
  6 giant cockroaches
  8 goblins
  10 hobgoblins
  3 jackals (D:3)
  11 kobolds
  A ball python (D:3)
  3 bats
  2 frilled lizards (D:1)
  8 rats
71 creatures vanquished.

Vanquished Creatures (others)
  4 plants (D:2)
4 creatures vanquished.

Grand Total: 75 creatures vanquished

Notes
Turn   | Place    | Note
-------+----------+-------------------------------------------
     0 | D:1      | HilariousDeathArtist the Barachi Warper began the quest for
                  | the Orb.
     0 | D:1      | Reached XP level 1. HP: 17/17 MP: 3/3
   247 | D:1      | Reached XP level 2. HP: 23/23 MP: 5/5
   251 | D:1      | Learned a level 2 spell: Blink
   497 | D:1      | Reached skill level 3 in Fighting
   561 | D:1      | Reached skill level 3 in Long Blades
   650 | D:1      | Reached XP level 3. HP: 27/29 MP: 6/6
   654 | D:1      | Learned a level 3 spell: Gell's Gravitas
  1293 | D:2      | Found a broken altar of Ashenzari.
  1321 | D:2      | HP: 7/29 [poisoned by an adder]
  1323 | D:2      | Became a worshipper of Ashenzari the Shackled
  1326 | D:2      | HP: 5/29 [poisoned by an adder]
  1333 | D:2      | HP: 4/29 [poisoned by an adder]
  1341 | D:2      | HP: 3/29 [poisoned by an adder]
  1725 | D:2      | Reached skill level 3 in Dodging
  2043 | D:2      | Reached XP level 4. HP: 13/35 MP: 7/7
  2081 | D:2      | HP: 7/35 [kobold/+0 dagger (2)]
  2539 | D:2      | Reached skill level 4 in Translocations
  3261 | D:2      | HP: 9/36 [hound (4)]
  3263 | D:2      | Reached XP level 5. HP: 10/42 MP: 8/8
  3624 | D:3      | Noticed Ijyb
  3670 | D:3      | Killed Ijyb
  3671 | D:3      | Reached skill level 1 in Short Blades
  4096 | D:3      | Reached skill level 2 in Short Blades
  4367 | D:3      | Learned a level 3 spell: Mephitic Cloud
  4392 | D:3      | Found Zin's Purification Station.
  4395 | D:3      | Found a glowing silver altar of Zin.
  4441 | D:3      | Found a shimmering blue altar of Sif Muna.
  4667 | D:4      | Identified the +1 leather armour of the Lion {-Cast rCorr
                  | Dex+3 Slay+2}
  4672 | D:4      | Noticed ardl's ghost (amateur VSAM)
  4676 | D:4      | Reached * piety under Ashenzari
  4694 | D:4      | Found a transporter.
  4707 | D:4      | Noticed Menkaure
  4735 | D:4      | HP: 10/42 [??? (7)]
  4738 | D:5      | Entered Level 5 of the Dungeon
  4744 | D:5      | HP: 10/42 [ufetubus (2)]
  5004 | D:4      | Slain by Menkaure

Illustrated notes

Levels and vault maps discovered:
D:1:      minmay_arrival_nine_rooms, layout_loops_ring
D:2:      layout_loops_corners, ashenzari_altar_1,
          ebering_dispersal_statue_hall, lexackson_kobold_supper
D:3:      layout_basic, zin_purify, amcnicky_mini_pool_small,
          lemuel_blue_sif_altar, uniq_ijyb
D:4:      layout_gridville, elyvilon_altar_3, nzn_hepliaklqana_mist_gate,
          minmay_temple_entry_junction, gammafunk_ghost_stat_death,
          uniq_menkaure
D:5:      layout_rooms, uniq_grinder, uniq_blork_the_orc

Skill      XL: |  1  2  3  4  5 |
---------------+----------------+-----
Fighting       | 3 |  3.8
Long Blades    | 3 |  3.0
Dodging        | 3 |  3.4
Translocations | 4 |  4.4
Short Blades   | 2 |  2.8
Throwing       | |  1.0
Armour         | |  1.2
Spellcasting   | |  2.1
Conjurations   | |  0.3
Air Magic      | |  0.1
Poison Magic   | |  0.1

Action                   |  1- 3 |  4- 6 || total
-------------------------+-------+-------++-------
Melee: Falchion          |   114 |    54 ||   168
       Rapier            |       |    29 ||    29
       Short sword       |       |    89 ||    89
Throw: Dart              |       |     3 ||     3
 Cast: Gell's Gravitas   |     1 |     1 ||     2
       Blink             |       |     3 ||     3
Invok: Curse Item        |       |     1 ||     1
 Abil: Hop               |     1 |     4 ||     5
  Use: Scroll            |       |     5 ||     5
       Potion            |       |     1 ||     1
Armor: Leather armour    |    22 |     6 ||    28
       Ring mail         |       |    41 ||    41
Dodge: Dodged            |    78 |    90 ||   168
       Rpst.: Falchion   |    28 |    17 ||    45

Table legend: (Time is in decaauts)
 A = Elapsed time spent in this place.
 B = Non-inter-level travel time spent in this place.
 C = Inter-level travel time spent in this place.
 D = Time resting spent in this place.
 E = Time spent auto-exploring this place.
 F = Levels seen in this place.
 G = Mean time per level.
                   A        B        C        D        E       F      G
               +--------+--------+--------+--------+--------+-----+--------+
         Total |   5425 |   5295 |    130 |   2177 |   2410 |   5 | 1085.0 |
       Dungeon |   5425 |   5295 |    130 |   2177 |   2410 |   5 | 1085.0 |
               +--------+--------+--------+--------+--------+-----+--------+

Top non-repeatable levels by time:
     D:2: 2373 daAuts
     D:3: 1384 daAuts
     D:1: 1318 daAuts
     D:5: 257 daAuts
     D:4: 91 daAuts

Table legend:
 A = Kills in this place as a percentage of kills in entire the game.
 B = Kills by you in this place as a percentage of kills by you in the entire game.
 C = Kills by friends in this place as a percentage of kills by friends in the entire game.
 D = Other kills in this place as a percentage of other kills in the entire game.
 E = Experience gained in this place as a percentage of experience gained in the entire game.
 F = Experience gained in this place divided by the number of levels of this place that you have seen.
                   A       B       C       D       E      F
               +-------+-------+-------+-------+-------+----------------------
         Total | 100.0 | 100.0 |   N/A |   N/A | 100.0 |  61.2
       Dungeon | 100.0 | 100.0 |   N/A |   N/A | 100.0 |  61.2
               +-------+-------+-------+-------+-------+----------------------
